 Dungeon Crawl Stone Soup version 0.28-b1-25-g9875b3fc8c (webtiles) character file.

Game seed: 652901438086459131

102 tizbic2 the Shield-Bearer (level 4, -2/31 HPs)
             Began as an Octopode Fighter on Feb 2, 2022.
             Was a Believer of Wu Jian.
             Slain by a gnoll (7 damage)
             ... on level 2 of the Dungeon.
             The game lasted 00:07:19 (1552 turns).

tizbic2 the Shield-Bearer (Octopode Fighter)        Turns: 1552, Time: 00:07:20

Health: -2/31      AC:  1    Str: 15    XL:     4   Next: 78%
Magic:  5/5        EV: 13    Int: 12    God:    Wu Jian [**....]
Gold:   78         SH:  4    Dex: 11    Spells: 5/5 levels left

rFire   . . .      SeeInvis .   a - +0 war axe
rCold   . . .      Faith    .   b - +0 buckler
rNeg    . . .      Spirit   .   (helmet restricted)
rPois   .          Reflect  .   (no amulet)
rElec   .          Harm     .   (no ring)
rCorr   .          Rampage  .   (no ring)
Will    .....                   (no ring)
Stlth   ++........              (no ring)
HPRegen 0.10/turn               (no ring)
MPRegen 0.09/turn               (no ring)
                                (no ring)
                                (no ring)

@: mighty, lethally poisoned (-2 -> -4)
A: almost no armour, amphibious, 8 rings, camouflage 1, gelatinous body 1,
(nimble swimmer 1), tentacles
a: Renounce Religion, Wall Jump


You were on level 2 of the Dungeon.
You worshipped Wu Jian.
Wu Jian was pleased with you.
You visited 1 branch of the dungeon, and saw 2 of its levels.

You collected 78 gold pieces.

Inventory:

Hand Weapons
 a - a +0 war axe (weapon)
Missiles
 e - a throwing net
 g - 24 stones (quivered)
 h - 3 poisoned darts
Armour
 b - a +0 buckler (worn)
Wands
 i - a wand of flame (22)
Scrolls
 d - a scroll of identify
Potions
 f - a potion of berserk rage {unknown}


   Skills:
 + Level 3.3 Fighting
 + Level 2.4 Axes
 + Level 3.3 Dodging
 * Level 3.8 Shields
 + Level 1.1 Unarmed Combat
 + Level 1.1 Spellcasting
 * Level 0.8 Summonings


You had 5 spell levels left.
You didn't know any spells.
Your spell library contained the following spells:

 Spells                   Type           Power      Damage    Failure   Level
 Summon Small Mammal      Summ           8%         N/A       26%         1
 Call Canine Familiar     Summ           2%         N/A       63%         3
 Summon Guardian Golem    Hex/Summ       1%         N/A       67%         3


Dungeon Overview and Level Annotations

Branches:
Dungeon (2/15)

Altars:
Wu Jian


Innate Abilities, Weirdness & Mutations

You cannot wear most types of armour.
You are amphibious.
You can wear up to eight rings at the same time.
Your skin changes colour to match your surroundings (Stealth+).
Your rubbery body absorbs attacks. (AC +1, EV +1)
((You are camouflaged when in or above water. (Stealth+)))
You have tentacles for arms and can constrict up to eight enemies at once.


Message History

Found a stone staircase leading down.
A hobgoblin comes into view. It is carrying a wand of flame (25).
You see here 20 stones.
g - 26 stones (gained 20)
There are no items here.
Throw: 26 stones
Press: ? - help, Q - select action, (/) - cycle Shift-Dir - straight line, f - hobgoblin
Aim: a hobgoblin, carrying a wand of flame (25) (wandering, hasn't noticed you, 56% to hit)
You throw a stone. The stone closely misses the hobgoblin.
The hobgoblin shouts!
Throw: 25 stones
Press: ? - help, Q - select action, (/) - cycle Shift-Dir - straight line, f/p - hobgoblin
Aim: a hobgoblin, carrying a wand of flame (25) (56% to hit)
You throw a stone. The stone barely misses the hobgoblin.
The hobgoblin zaps a wand.
The puff of flame hits you!
Unknown command.
The hobgoblin zaps a wand.
The puff of flame misses you.
Found a stone staircase leading up.
The hobgoblin zaps a wand.
The puff of flame misses you.
You hit the hobgoblin. You grab the hobgoblin.
The hobgoblin is heavily wounded.
You constrict the hobgoblin. The hobgoblin hits you.
You slash the hobgoblin!
You kill the hobgoblin!
The Council accepts your kill.
You see here a wand of flame (22).
i - a wand of flame (22)
There is a stone staircase leading down here.
The gnoll closely misses you.
You lunge at the gnoll, but your attack speed is too slow for a blow to land.
The gnoll hits you with a +1 spear of venom!
You are poisoned.
You barely miss the gnoll. You grab the gnoll. You constrict the gnoll.
You feel sick. The gnoll barely misses you.
The gnoll hits you with a +1 spear of venom.
* * * LOW HITPOINT WARNING * * *
You feel very mighty all of a sudden.
You constrict the gnoll.
You feel sick.
The gnoll hits you with a +1 spear of venom!
You die...

.##....####....##....# #.###
.##......##.....#.#.. #....#####
#))##..#.....#......# #.........
##.##............#.# #.........
#).#...........#...# #......<..
[##.........##..#..### #.........
#.............#.>....# #.........
.....#####.........#...........g.
.....# #...#....@................
..#### ..###....g...(............
### .# #..#............#....#
##.#.#.............#.#
#.................#.#
##..##..............# <.#
#$........#....#
######.........##...)
....[............##


You could see a gnoll.

Vanquished Creatures
  4 gnolls
  3 dart slugs
  A ball python (D:1)
  2 bats (D:1)
  4 endoplasms
  2 giant cockroaches (D:1)
  4 goblins (D:1)
  6 hobgoblins
  11 jackals
  4 kobolds
  3 quokkas
  A frilled lizard (D:1)
  5 rats (D:1)
50 creatures vanquished.

Vanquished Creatures (others)
  2 plants (D:1)
2 creatures vanquished.

Grand Total: 52 creatures vanquished

Notes
Turn   | Place    | Note
-------+----------+-------------------------------------------
     0 | D:1      | tizbic2 the Octopode Fighter began the quest for the Orb.
     0 | D:1      | Reached XP level 1. HP: 16/16 MP: 1/1
    54 | D:1      | Found a faded altar of an unknown god.
    61 | D:1      | Prayed at the altar of an unknown god.
    61 | D:1      | Became a worshipper of the Wu Jian Council
    61 | D:1      | Reached * piety under Wu Jian
   226 | D:1      | Reached XP level 2. HP: 18/21 MP: 2/2
   484 | D:1      | You fall into a shaft and drop 1 floor!
   490 | D:2      | Reached XP level 3. HP: 22/26 MP: 3/3
   703 | D:1      | Reached ** piety under Wu Jian
  1035 | D:1      | Reached skill level 1 in Unarmed Combat
  1047 | D:1      | Reached skill level 1 in Spellcasting
  1047 | D:1      | Reached XP level 4. HP: 31/31 MP: 5/5
  1552 | D:2      | Slain by a gnoll

Illustrated notes

Levels and vault maps discovered:
D:1:      minmay_arrival_arboretum_small, layout_loops_ring,
          chequers_ecumenical_altar_lobes
D:2:      layout_rooms, basic_altar, minmay_pentomino_pile

Skill      XL: |  1  2  3 |
---------------+----------+-----
Unarmed Combat | 1 |  1.1
Spellcasting   | 1 |  1.1
Fighting       | |  3.3
Axes           | |  2.4
Dodging        | |  3.3
Shields        | |  3.8
Summonings     | |  0.8

Action                   |  1- 3 |  4- 6 || total
-------------------------+-------+-------++-------
Melee: War axe           |    63 |    26 ||    89
       Constrict         |    20 |     7 ||    27
       Punch             |     4 |     1 ||     5
       Tentacles         |    11 |     2 ||    13
Throw: Stone             |       |     2 ||     2
Invok: Lunge             |     8 |       ||     8
       Whirlwind         |     2 |       ||     2
 Abil: Wall Jump         |       |     1 ||     1
  Use: Scroll            |     1 |       ||     1
       Potion            |       |     2 ||     2
 Stab: Sleeping          |     4 |     1 ||     5
Armor: Skin              |     3 |     2 ||     5
Dodge: Dodged            |    30 |    15 ||    45
Block: Buckler           |    12 |     6 ||    18
